 Dungeon Crawl Stone Soup version 0.29.0-15-g675c0067aa (webtiles) character file.

Game seed: 13805933820497065563

9 qw the Sneak (level 2, -2/19 HPs)
             Began as a Gargoyle Delver on Sept 11, 2022.
             Slain by an orc
             ... wielding a +0 mace
              (4 damage)
             ... on level 4 of the Dungeon.
             The game lasted 00:00:04 (243 turns).

qw the Sneak (Gargoyle Delver)                       Turns: 243, Time: 00:00:05

Health: -2/19      AC:  5    Str: 15    XL:     2   Next: 12%
Magic:  2/2        EV: 11    Int: 10    God:
Gold:   56         SH:  0    Dex: 11    Spells: 1/1 levels left

rFire   . . .      SeeInvis .   a - +0 hand axe
rCold   . . .      Faith    .   (no shield)
rNeg    + . .      Spirit   .   b - +0 leather armour
rPois   inf        Reflect  .   (no helmet)
rElec   +          Harm     .   (no cloak)
rCorr   .          Rampage  .   (no gloves)
Will    .....                   (no boots)
Stlth   +++.......              (no amulet)
HPRegen 0.06/turn               (no ring)
MPRegen 0.08/turn               (no ring)

@: no status effects
A: sickness immunity, AC +2, negative energy resistance 1, electricity
resistance, torment resistance 1, petrification resistance
a: no special abilities


You were on level 4 of the Dungeon.
You visited 1 branch of the dungeon, and saw 2 of its levels.

You collected 56 gold pieces.


Innate Abilities, Weirdness & Mutations

You are immune to sickness and miasma.
Your stone body is resilient. (AC +2)
You are immune to poison.
You resist negative energy. (rN+)
You are resistant to electric shocks. (rElec)
You are resistant to unholy torment.
You are immune to petrification.


   Skills:
 - Level 3.2 Fighting
 + Level 2.5 Axes
 - Level 1.5 Dodging
 - Level 5.4 Stealth


You had one spell level left.
You didn't know any spells.
Your spell library was empty.

Inventory:

Hand Weapons
 a - a +0 hand axe (weapon)
Armour
 b - a +0 leather armour (worn)
Wands
 g - a wand of digging (3)
Potions
 f - a potion of haste

Dungeon Overview and Level Annotations

Branches:
Dungeon (5/15)
 Temple: D:4-7

Altars:


Message History

Found a book of the Hunter.
Enter note: 3 orcs come into view.
The orc shouts!
231 ||| Stepping ~*~*~tactically~*~*~ (stealth).
233 ||| Stepping ~*~*~tactically~*~*~ (stealth).
You hit the orc but do no damage. The orc hits you with a +0 short sword.
You closely miss the orc. The orc hits you with a +0 short sword.
236 ||| Stepping ~*~*~tactically~*~*~ (stealth).
The orc shouts!
You hit the orc but do no damage. The orc hits you with a +0 short sword.
You hit the orc.
The orc is heavily wounded.
You barely miss the orc. The orc barely misses you.
The orc hits you with a +0 short sword. The orc hits you but does no damage.
The orc barely misses you.
You hit the orc.
The orc is severely wounded.
You hit the orc but do no damage. The orc hits you but does no damage.
You closely miss the orc.
The orc is severely wounded.
You hit the orc. The orc hits you but does no damage.
You hit the orc but do no damage.
The orc is severely wounded.
You barely miss the orc. The orc closely misses you. The orc barely misses you.
You hit the orc.
You kill the orc!
You hit the orc. The orc hits you with a +0 mace.
You hit the orc but do no damage.
The orc is severely wounded.
You barely miss the orc. The orc hits you with a +0 mace.
You die...

#########
.######@......#
......oo#####.#########
.#####..# #.#........
#......#.#'#######
#.....o#.........#
#....:.#.........#
#..#####.........##
...# #.........+.
#.######.........##


You could see 2 orcs.

Vanquished Creatures
  An orc (D:4)
  A giant cockroach (D:4)
  4 jackals (D:4)
6 creatures vanquished.

Notes
Turn   | Place    | Note
-------+----------+-------------------------------------------
     0 | D:5      | qw the Gargoyle Delver began the quest for the Orb.
     0 | D:5      | Reached XP level 1. HP: 14/14 MP: 1/1
     0 | D:5      | 0 ||| qw: Version: 0.1-a-117-gfe26ee0
     0 | D:5      | 0 ||| qw: Game counter: 9882
     0 | D:5      | 0 ||| qw: Always use a shield: true
     0 | D:5      | 0 ||| qw: God list: Okawaru
     0 | D:5      | 0 ||| qw: Allow faded altars: false
     0 | D:5      | 0 ||| qw: Do Orc after D:15 true
     0 | D:5      | 0 ||| qw: Do second Lair branch before Depths: true
     0 | D:5      | 0 ||| qw: Lair rune preference: random
     0 | D:5      | 0 ||| qw: Plans: Normal
     0 | D:5      | 0 ||| PLANNING D:1-11
     0 | D:5      | 0 ||| DROPPING scroll of fog.
     1 | D:5      | 1 ||| DROPPING scroll of magic mapping.
     2 | D:5      | 2 ||| DROPPING scroll of fear.
   203 | D:4      | Reached XP level 2. HP: 19/19 MP: 2/2
   231 | D:4      | 231 ||| Stepping ~*~*~tactically~*~*~ (stealth).
   233 | D:4      | 233 ||| Stepping ~*~*~tactically~*~*~ (stealth).
   236 | D:4      | 236 ||| Stepping ~*~*~tactically~*~*~ (stealth).
   242 | D:4      | HP: 2/19 [orc/+0 mace (6)]
   243 | D:4      | Slain by an orc

Levels and vault maps discovered:
D:4:      layout_basic
D:5:      minmay_general_purpose_star, layout_loops_cross, serial_shops, shop

Skill      XL: |  1 |
---------------+----+-----
Axes           | 2 |  2.5
Fighting       | |  3.2
Dodging        | |  1.5
Stealth        | |  5.4

Action                   || total
-------------------------++-------
Melee: Hand axe          ||    20
Armor: Leather armour    ||     4
Dodge: Dodged            ||    11

Table legend:
 A = Non-vault XP
 B = Vault XP
 C = Vault XP percentage of total XP
 D = Non-vault monster count
 E = Vault monster count
 F = Vault count percentage of total count
                 A         B        C        D         E       F
            +---------+---------+-------+---------+---------+-------
      Total |      13 |       0 |   0.0 |       6 |       0 |   0.0
            +---------+---------+-------+---------+---------+-------
        D:4 |      13 |       0 |   0.0 |       6 |       0 |   0.0
            +---------+---------+-------+---------+---------+-------
